Senators vs Condors

Created - January 14, 2023 at 22:06

Goals
1 2 3 OT1 SO T
Senators 0 1 1 0 2 2
Condors 0 1 1 0 3 3
Shots
1 2 3 OT1 SO T
Senators 12 9 14 1 5 36
Condors 10 10 10 2 5 32

1st period

No Goal

Penalties :
Zachary Sanford (Bel) for Roughing (Minor) at 5:02, Michael McCarron (Bel) for Delaying the game (Minor) at 17:49

2nd period

1. Senators , David Kase 1 (Nikita Nesterov 5, Keegan Lowe 13) at 4:31
2. Condors , Daniel Zaar 22 (Mathew Barzal 20) at 4:51

Penalties :
Dmitry Sinitsyn (Bel) for Tripping (Minor) at 13:23, Kevin Rooney (Bel) for Roughing (Minor) at 16:18

3rd period

3. Senators , Christoph Bertschy 17 (Zemgus Girgensons 6, Joonas Lyytinen 10) at 3:55
4. Condors , Daniel Zaar 23 (Adam Erne 14, Mark Jankowski 22) at 19:20

Penalties :
Jesse Puljujarvi (Bak) for High sticking (Minor) at 11:05, Philippe Myers (Bak) for Hooking (Minor) at 19:40

Overtime #1

No Goal

Penalties :
No Penalty

Shootout

Senators, Zemgus Girgensons - Shot Misses the Net
Condors, Daniel Zaar - Goal!
Senators, Tyler Pitlick - Goal!
Condors, Jake Virtanen - Shot Misses the Net
Senators, Zachary Sanford - Stopped by Mikko Koskinen
Condors, Jesse Puljujarvi - Stopped by Garret Sparks
Senators, Oliver Bjorkstrand - Goal!
Condors, Mark Jankowski - Goal!
Senators, Christoph Bertschy - Stopped by Mikko Koskinen
Condors, Adam Erne - Goal!

Penalties :
No Penalty

Goalie Stats

Garret Sparks (Bel), 30 saves from 32 shots - (0.938), OTL, 10-6-3, 65:00 minutes
Mikko Koskinen (Bak), 34 saves from 36 shots - (0.944), W, 7-3-1, 64:52 minutes

Players Stats for Senators

Player Name              G  A  P  +/- PIM S  H  SB GA TA FO     MP     PP MP  PK MP  
------------------------------------------------------------------------------------
Brendan Perlini          0  0  0   0  0   4  0  0  0  0  0/0    13:50   0:00   1:13 
C.J Suess                0  0  0   0  0   0  0  0  0  0  0/0     0:52   0:00   0:00 
Christoph Bertschy       1  0  1  -1  0   5  1  0  1  2  8/19   18:29   1:10   0:50 
David Kase               1  0  1   1  0   1  0  0  0  0  0/0     9:21   0:00   0:00 
Dmitry Sinitsyn          0  0  0  -2  2   0  1  2  1  1  0/0    23:58   1:25   3:28 
Grant Besse              0  0  0   0  0   0  1  1  0  0  0/0    11:24   0:00   0:00 
Jacob De La Rose         0  0  0   0  0   0  0  1  0  0  6/11   13:07   1:08   0:00 
Johan Larsson            0  0  0   1  0   5  0  0  1  0  0/0     9:21   0:00   0:00 
Jonas Siegenthaler       0  0  0   0  0   0  0  0  0  0  0/0     4:25   0:00   0:44 
Joonas Lyytinen          0  1  1   1  0   1  0  1  0  0  0/0    15:29   0:00   0:30 
Jordan Schmaltz          0  0  0  -2  0   2  1  3  0  2  0/0    28:10   1:25   4:26 
Keegan Lowe              0  1  1   1  0   1  1  0  0  0  0/0    21:07   0:53   3:00 
Kevin Rooney             0  0  0   0  2   1  1  0  0  0  2/2    13:28   0:00   1:29 
Mason Geertsen           0  0  0   1  0   0  1  1  0  0  0/0    15:43   0:00   0:44 
Michael McCarron         0  0  0   1  2   1  3  0  0  0  1/3     9:31   0:00   0:00 
Nikita Nesterov          0  1  1   1  0   1  0  2  0  0  0/0    21:07   0:53   3:00 
Oliver Bjorkstrand       0  0  0   0  0   4  5  0  0  1  0/0    17:37   1:08   2:34 
Tyler Pitlick            0  0  0  -1  0   4  2  0  0  0  1/4    23:57   1:10   3:54 
Zachary Sanford          0  0  0   0  2   1  4  0  2  2  0/0    16:59   1:08   1:50 
Zemgus Girgensons        0  1  1  -1  0   5  0  0  1  0  3/7    24:05   1:10   4:02 

Players Stats for Condors

Player Name              G  A  P  +/- PIM S  H  SB GA TA FO     MP     PP MP  PK MP  
------------------------------------------------------------------------------------
Adam Erne                0  1  1   0  0   2  2  1  1  0  1/3    22:16   3:44   1:15 
Alexandre Carrier        0  0  0   2  0   5  1  0  0  1  0/0    28:04   4:00   2:30 
Brett Lernout            0  0  0   2  0   2  2  2  0  1  0/0    28:04   4:00   2:30 
C.J. Smith               0  0  0   0  0   3  1  0  1  0  0/0     8:31   0:00   0:00 
Christian Thomas         0  0  0   0  0   1  1  1  0  0  0/0    17:51   3:28   0:14 
Daniel Zaar              2  0  2   0  0   6  3  1  2  0  0/1    20:05   2:52   0:00 
Emil Djuse               0  0  0  -1  0   0  1  1  0  0  0/0    13:28   0:19   0:35 
Gustav Olofsson          0  0  0  -1  0   1  0  4  2  1  0/0    24:03   3:37   1:28 
Jake Virtanen            0  0  0   0  0   1  2  1  1  0  0/0    17:44   3:56   1:22 
Jesse Puljujarvi         0  0  0   0  2   0  1  0  1  0  0/0    11:54   0:00   0:00 
Jordan Subban            0  0  0  -1  0   0  1  3  0  2  0/0    12:53   0:19   0:00 
Kailer Yamamoto          0  0  0   0  0   1  0  0  0  0  0/0     9:43   1:08   0:00 
Mark Jankowski           0  1  1   1  0   2  4  1  0  0  12/22  20:27   3:44   2:18 
Mathew Barzal            0  1  1  -1  0   1  5  0  0  1  10/14  21:11   2:52   0:20 
Michael Rasmussen        0  0  0   0  0   0  2  0  0  0  0/1    10:48   1:20   0:47 
Phil McRae               0  0  0   0  0   0  3  0  0  0  2/5    11:54   0:00   0:00 
Philippe Myers           0  0  0  -1  2   2  0  1  0  0  0/0    23:33   3:37   0:53 
Taro Hirose              0  0  0   0  0   5  0  0  0  0  0/0    13:31   0:44   0:00 

3 Stars

1 - Daniel Zaar (Bak)
2 - Mikko Koskinen (Bak)
3 - Mark Jankowski (Bak)

Power Play

Senators - 0 on 2 Attempt(s) - 0.00%
Condors - 0 on 4 Attempt(s) - 0.00%

Penalty Kill

Senators - 4 on 4 Attempt(s) - 100.00% - Score 0 goal in Penalty Kill
Condors - 2 on 2 Attempt(s) - 100.00% - Score 0 goal in Penalty Kill

Team Stat

Senators - Hits : 21 - Faceoff Wins : 21 - Blocked Shots : 11 - Penalty Minutes : 8
Condors - Hits : 29 - Faceoff Wins : 25 - Blocked Shots : 16 - Penalty Minutes : 4

Official

Referees : TJ Luxmore and Jacob Brenk
Linesman : Jesse Marquis and Trent Knorr

Game Notes

No Game Note

Finance

Level 1 -- Attendance: 1792 (89.60%) -- Ticket Income $62,720
Level 2 -- Attendance: 872 (87.20%) -- Ticket Income $13,080
Total Attendance: 2664 (88.80%)
Total Ticket Income: $75,800
Other Income: $3,790
Total Income: $79,590

Senators

5 vs 5 Forward 
   Center                   Left Wing                Right Wing               Time % Phy DF OF 
 1 Christoph Bertschy       Zemgus Girgensons        Tyler Pitlick            40     1   2  2  
 2 Jacob De La Rose         Zachary Sanford          Oliver Bjorkstrand       30     1   2  2  
 3 Kevin Rooney             Brendan Perlini          Grant Besse              20     1   2  2  
 4 Michael McCarron         Johan Larsson            David Kase               10     1   2  2  

5 vs 5 Defense 
   Defense                  Defense                                           Time % Phy DF OF 
 1 Jordan Schmaltz          Dmitry Sinitsyn                                   40     1   2  2  
 2 Keegan Lowe              Nikita Nesterov                                   30     1   2  2  
 3 Joonas Lyytinen          Mason Geertsen                                    20     1   2  2  
 4 Jonas Siegenthaler       Jordan Schmaltz                                   10     1   2  2  

PowerPlay Forward 
   Center                   Left Wing                Right Wing               Time % Phy DF OF 
 1 Christoph Bertschy       Zemgus Girgensons        Tyler Pitlick            60     1   2  2  
 2 Jacob De La Rose         Zachary Sanford          Oliver Bjorkstrand       40     1   2  2  

PowerPlay Defense
   Defense                  Defense                                           Time % Phy DF OF 
 1 Jordan Schmaltz          Dmitry Sinitsyn                                   60     1   2  2  
 2 Keegan Lowe              Nikita Nesterov                                   40     1   2  2  

Penalty Kill 4 Players Forward 
   Center                   Wing                     Time % Phy DF OF 
 1 Zemgus Girgensons        Tyler Pitlick            60     1   2  2  
 2 Zachary Sanford          Oliver Bjorkstrand       40     1   2  2  

Penalty Kill 4 Players Defense
   Defense                  Defense                  Time % Phy DF OF 
 1 Jordan Schmaltz          Dmitry Sinitsyn          60     1   2  2  
 2 Keegan Lowe              Nikita Nesterov          40     1   2  2  

Penalty Kill - 3 Players Forward 
   Forward                                           Time % Phy DF OF 
 1 Zemgus Girgensons                                 60     1   2  2  
 2 Tyler Pitlick                                     40     1   2  2  

Penalty Kill - 3 Players Defense
   Defense                  Defense                  Time % Phy DF OF 
 1 Jordan Schmaltz          Dmitry Sinitsyn          60     1   2  2  
 2 Keegan Lowe              Nikita Nesterov          40     1   2  2  

4 vs 4 Forward 
   Center                   Wing                     Time % Phy DF OF 
 1 Zemgus Girgensons        Tyler Pitlick            60     1   2  2  
 2 Zachary Sanford          Oliver Bjorkstrand       40     1   2  2  

4 vs 4 Defense
   Defense                  Defense                  Time % Phy DF OF 
 1 Jordan Schmaltz          Dmitry Sinitsyn          60     1   2  2  
 2 Keegan Lowe              Nikita Nesterov          40     1   2  2  

Last Minutes Offensive
   Center                   Left Wing                Right Wing               Defense                  Defense                  
   Christoph Bertschy       Zemgus Girgensons        Tyler Pitlick            Jordan Schmaltz          Dmitry Sinitsyn          

Last Minutes Defensive
   Center                   Left Wing                Right Wing               Defense                  Defense                  
   Christoph Bertschy       Zemgus Girgensons        Tyler Pitlick            Jordan Schmaltz          Dmitry Sinitsyn          

Goaltenders
Starting : Garret Sparks            
Backup : David Rittich            

Extra Forwards
Normal : C.J Suess, Brendan Perlini, Kevin Rooney - PP : C.J Suess, Brendan Perlini - PK : Kevin Rooney
Extra Defensemen
Normal : Joonas Lyytinen, Mason Geertsen, Jonas Siegenthaler - PP : Joonas Lyytinen - PK : Mason Geertsen, Jonas Siegenthaler
Penalty Shots
Zemgus Girgensons, Tyler Pitlick, Zachary Sanford, Oliver Bjorkstrand, Christoph Bertschy

Scratches
Gustav Forsling (Healthy), Arttu Ruotsalainen (Healthy), Vitaly Abramov (Healthy), Cliff Pu (Healthy), Michael Pezzetta (Healthy)
Bryce Kindopp (Healthy), Olle Eriksson Ek (Healthy), Scott Wedgewood (Healthy)

Condors

5 vs 5 Forward 
   Center                   Left Wing                Right Wing               Time % Phy DF OF 
 1 Mathew Barzal            Adam Erne                Daniel Zaar              40     1   2  2  
 2 Mark Jankowski           Christian Thomas         Jake Virtanen            30     1   2  2  
 3 Phil McRae               Taro Hirose              Jesse Puljujarvi         20     1   2  2  
 4 Michael Rasmussen        C.J. Smith               Kailer Yamamoto          10     1   2  2  

5 vs 5 Defense 
   Defense                  Defense                                           Time % Phy DF OF 
 1 Brett Lernout            Alexandre Carrier                                 40     1   2  2  
 2 Philippe Myers           Gustav Olofsson                                   30     1   2  2  
 3 Emil Djuse               Jordan Subban                                     20     1   2  2  
 4 Brett Lernout            Alexandre Carrier                                 10     1   2  2  

PowerPlay Forward 
   Center                   Left Wing                Right Wing               Time % Phy DF OF 
 1 Mathew Barzal            Christian Thomas         Daniel Zaar              60     1   2  2  
 2 Mark Jankowski           Adam Erne                Jake Virtanen            40     1   2  2  

PowerPlay Defense
   Defense                  Defense                                           Time % Phy DF OF 
 1 Brett Lernout            Alexandre Carrier                                 60     1   2  2  
 2 Philippe Myers           Gustav Olofsson                                   40     1   2  2  

Penalty Kill 4 Players Forward 
   Center                   Wing                     Time % Phy DF OF 
 1 Mark Jankowski           Jake Virtanen            60     1   2  2  
 2 Mathew Barzal            Adam Erne                40     1   2  2  

Penalty Kill 4 Players Defense
   Defense                  Defense                  Time % Phy DF OF 
 1 Brett Lernout            Alexandre Carrier        60     1   2  2  
 2 Philippe Myers           Gustav Olofsson          40     1   2  2  

Penalty Kill - 3 Players Forward 
   Forward                                           Time % Phy DF OF 
 1 Mark Jankowski                                    60     1   2  2  
 2 Mathew Barzal                                     40     1   2  2  

Penalty Kill - 3 Players Defense
   Defense                  Defense                  Time % Phy DF OF 
 1 Brett Lernout            Alexandre Carrier        60     1   2  2  
 2 Philippe Myers           Gustav Olofsson          40     1   2  2  

4 vs 4 Forward 
   Center                   Wing                     Time % Phy DF OF 
 1 Mark Jankowski           Christian Thomas         60     1   2  2  
 2 Mathew Barzal            Adam Erne                40     1   2  2  

4 vs 4 Defense
   Defense                  Defense                  Time % Phy DF OF 
 1 Brett Lernout            Alexandre Carrier        60     1   2  2  
 2 Philippe Myers           Gustav Olofsson          40     1   2  2  

Last Minutes Offensive
   Center                   Left Wing                Right Wing               Defense                  Defense                  
   Mark Jankowski           Adam Erne                Daniel Zaar              Brett Lernout            Alexandre Carrier        

Last Minutes Defensive
   Center                   Left Wing                Right Wing               Defense                  Defense                  
   Mark Jankowski           Adam Erne                Daniel Zaar              Brett Lernout            Alexandre Carrier        

Goaltenders
Starting : Mikko Koskinen           
Backup : Carter Hart              

Extra Forwards
Normal : Adam Erne, Mathew Barzal, Phil McRae - PP : Adam Erne, Mathew Barzal - PK : Adam Erne
Extra Defensemen
Normal : Gustav Olofsson, Emil Djuse, Jordan Subban - PP : Gustav Olofsson - PK : Gustav Olofsson, Emil Djuse
Penalty Shots
Daniel Zaar, Jake Virtanen, Jesse Puljujarvi, Mark Jankowski, Adam Erne

Scratches
Cole Cassels (Healthy), Colin White (Healthy), Connor Hurley (Healthy), Jack Dougherty (Healthy), Jeremy Gregoire (Healthy)
Louis Leblanc (Healthy), Robin Salo (Healthy), Remi Elie (Healthy), Robby Fabbri (Broken Right Thumb Injury), Clayton Keller (Healthy)
Kiefer Sherwood (Healthy), Nikolai Knyzhov (Healthy), Lucas Johansen (Healthy), Jack Campbell (Healthy), Arvid Soderblom (Healthy)

% Time on Ice - Senators

Lines # - Real PCT - Wanted PCT - Time Play
Normal Forward
1 - 33% - 40% - 16:15
2 - 25% - 30% - 12:25
3 - 23% - 20% - 11:24
4 - 19% - 10% - 9:21
Normal Defense
1 - 33% - 40% - 16:12
2 - 30% - 30% - 14:50
3 - 30% - 20% - 14:59
4 - 7% - 10% - 3:24
PP Forward
1 - 51% - 60% - 1:10
2 - 49% - 40% - 1:08
PP Defense
1 - 62% - 60% - 1:25
2 - 38% - 40% - 0:53
PK Forward
1 - 68% - 60% - 5:22
2 - 32% - 40% - 2:34
PK Defense
1 - 62% - 60% - 4:56
2 - 38% - 40% - 3:00
PK3 Forward
1 - 0% - 60%
2 - 0% - 40%
PK3 Defense
1 - 0% - 60%
2 - 0% - 40%
44 Forward
1 - 70% - 60% - 3:30
2 - 30% - 40% - 1:30
44 Defense
1 - 52% - 60% - 2:36
2 - 48% - 40% - 2:24
Last Minute Offensive  - 0:00
Last Minute Defensive  - 0:21
Total
Forward - 65:00
Defense - 65:00

% Time on Ice - Condors

Lines # - Real PCT - Wanted PCT - Time Play
Normal Forward
1 - 35% - 40% - 17:18
2 - 24% - 30% - 12:03
3 - 23% - 20% - 11:32
4 - 17% - 10% - 8:31
Normal Defense
1 - 37% - 40% - 18:08
2 - 35% - 30% - 17:13
3 - 25% - 20% - 12:29
4 - 3% - 10% - 1:34
PP Forward
1 - 53% - 60% - 4:12
2 - 47% - 40% - 3:44
PP Defense
1 - 54% - 60% - 4:19
2 - 46% - 40% - 3:37
PK Forward
1 - 95% - 60% - 2:11
2 - 5% - 40% - 0:07
PK Defense
1 - 62% - 60% - 1:25
2 - 38% - 40% - 0:53
PK3 Forward
1 - 87% - 60% - 1:27
2 - 13% - 40% - 0:13
PK3 Defense
1 - 65% - 60% - 1:05
2 - 35% - 40% - 0:35
44 Forward
1 - 90% - 60% - 2:59
2 - 11% - 40% - 0:21
44 Defense
1 - 48% - 60% - 1:35
2 - 53% - 40% - 1:45
Last Minute Offensive  - 0:22
Last Minute Defensive  - 0:00
Total
Forward - 65:00
Defense - 65:00

Play-by-Play

1st period


0:01 of 1st period - Mathew Barzal wins face-off versus Christoph Bertschy in neutral zone.
0:12 of 1st period - Slapshot by Mathew Barzal.
0:12 of 1st period - Deflect By Dmitry Sinitsyn.
0:12 of 1st period - Shot Blocked by Jordan Schmaltz.
0:12 of 1st period - Puck is out of play.
0:13 of 1st period - Mark Jankowski wins face-off versus Jacob De La Rose in Senators zone.
1:29 of 1st period - Snap shot by Michael McCarron.
1:29 of 1st period - Shot Hit the Post.
1:31 of 1st period - Slapshot by Joonas Lyytinen.
1:31 of 1st period - Deflect By Michael McCarron.
1:31 of 1st period - Stopped by Mikko Koskinen without a rebound.
1:32 of 1st period - Mark Jankowski wins face-off versus Jacob De La Rose in Condors zone.
1:37 of 1st period - Jordan Subban is hit by Zachary Sanford and loses puck.
1:44 of 1st period - Snap shot by Oliver Bjorkstrand.
1:44 of 1st period - Stopped by Mikko Koskinen with a rebound.
2:11 of 1st period - Slapshot by Christoph Bertschy.
2:11 of 1st period - Shot Blocked by Adam Erne.
4:29 of 1st period - Wrist shot by Daniel Zaar.
4:29 of 1st period - Stopped by Garret Sparks with a rebound.
4:31 of 1st period - Slapshot by Brett Lernout.
4:31 of 1st period - Deflect By Mason Geertsen.
4:31 of 1st period - Stopped by Garret Sparks with a rebound.
4:33 of 1st period - Snap shot by Daniel Zaar.
4:33 of 1st period - Stopped by Garret Sparks without a rebound.
4:34 of 1st period - Tyler Pitlick wins face-off versus Mark Jankowski in Senators zone.
4:45 of 1st period - Wrist shot by Christoph Bertschy.
4:45 of 1st period - Shot Blocked by Christian Thomas.
4:47 of 1st period - Slapshot by Dmitry Sinitsyn.
4:47 of 1st period - Shot Misses the Net.
4:49 of 1st period - Slapshot by Jordan Schmaltz.
4:49 of 1st period - Shot Misses the Net.
4:51 of 1st period - Slapshot by Jordan Schmaltz.
4:51 of 1st period - Deflect By Tyler Pitlick.
4:51 of 1st period - Stopped by Mikko Koskinen with a rebound.
5:02 of 1st period - Minor Penalty to Zachary Sanford for Roughing.
5:03 of 1st period - Mark Jankowski wins face-off versus Zemgus Girgensons in Senators zone.
5:04 of 1st period - Slapshot by Jake Virtanen.
5:04 of 1st period - Shot Misses the Net.
5:10 of 1st period - Wrist shot by Mark Jankowski.
5:10 of 1st period - Stopped by Garret Sparks with a rebound.
5:12 of 1st period - Slapshot by Philippe Myers.
5:12 of 1st period - Shot Blocked by Jordan Schmaltz.
6:09 of 1st period - Keegan Lowe is hit by Mark Jankowski and loses puck.
7:02 of 1st period - Penalty to Zachary Sanford is over, Zachary Sanford is back on ice.
7:25 of 1st period - Alexandre Carrier is hit by Michael McCarron and loses puck.
9:16 of 1st period - Wrist shot by Brendan Perlini.
9:16 of 1st period - Stopped by Mikko Koskinen with a rebound.
9:34 of 1st period - Snap shot by Michael McCarron.
9:34 of 1st period - Shot Misses the Net.
9:36 of 1st period - Wrist shot by Johan Larsson.
9:36 of 1st period - Stopped by Mikko Koskinen without a rebound.
9:37 of 1st period - Michael McCarron wins face-off versus Phil McRae in Condors zone.
9:38 of 1st period - Snap shot by Johan Larsson.
9:38 of 1st period - Stopped by Mikko Koskinen without a rebound.
9:39 of 1st period - Mark Jankowski wins face-off versus Michael McCarron in Condors zone.
10:04 of 1st period - Joonas Lyytinen is hit by Jesse Puljujarvi and loses puck.
10:13 of 1st period - Joonas Lyytinen is hit by Phil McRae.
10:17 of 1st period - Slapshot by Jesse Puljujarvi.
10:17 of 1st period - Deflect By Phil McRae.
10:17 of 1st period - Shot Blocked by Joonas Lyytinen.
10:17 of 1st period - Puck is out of play.
10:18 of 1st period - Mathew Barzal wins face-off versus Christoph Bertschy in Senators zone.
10:25 of 1st period - Wrist shot by Zemgus Girgensons.
10:25 of 1st period - Shot Blocked by Philippe Myers.
10:27 of 1st period - Slapshot by Dmitry Sinitsyn.
10:27 of 1st period - Shot Blocked by Daniel Zaar.
10:29 of 1st period - Slapshot by Zemgus Girgensons.
10:29 of 1st period - Stopped by Mikko Koskinen with a rebound.
10:31 of 1st period - Wrist shot by Christoph Bertschy.
10:31 of 1st period - Stopped by Mikko Koskinen without a rebound.
10:32 of 1st period - Mathew Barzal wins face-off versus Christoph Bertschy in Condors zone.
11:11 of 1st period - Jordan Schmaltz is hit by Jake Virtanen and loses puck.
11:50 of 1st period - Slapshot by Jordan Schmaltz.
11:50 of 1st period - Stopped by Mikko Koskinen with a rebound.
11:52 of 1st period - Slapshot by Jordan Schmaltz.
11:52 of 1st period - Stopped by Mikko Koskinen with a rebound.
12:32 of 1st period - Slapshot by Mark Jankowski.
12:32 of 1st period - Stopped by Garret Sparks with a rebound.
12:34 of 1st period - Slapshot by Christian Thomas.
12:34 of 1st period - Shot Misses the Net.
12:50 of 1st period - Oliver Bjorkstrand is hit by Brett Lernout and loses puck.
13:17 of 1st period - Wrist shot by Taro Hirose.
13:17 of 1st period - Shot Blocked by Nikita Nesterov.
13:37 of 1st period - Wrist shot by Adam Erne.
13:37 of 1st period - Stopped by Garret Sparks with a rebound.
13:43 of 1st period - Adam Erne is hit by Tyler Pitlick and loses puck.
14:34 of 1st period - Oliver Bjorkstrand is hit by Phil McRae and loses puck.
14:43 of 1st period - Wrist shot by Taro Hirose.
14:43 of 1st period - Stopped by Garret Sparks with a rebound.
14:45 of 1st period - Snap shot by Jesse Puljujarvi.
14:45 of 1st period - Shot Misses the Net.
15:17 of 1st period - Snap shot by Adam Erne.
15:17 of 1st period - Shot Blocked by Mason Geertsen.
15:21 of 1st period - Backhand shot by Daniel Zaar.
15:21 of 1st period - Shot Misses the Net.
15:23 of 1st period - Slapshot by Philippe Myers.
15:23 of 1st period - Stopped by Garret Sparks without a rebound.
15:24 of 1st period - Mathew Barzal wins face-off versus Tyler Pitlick in Senators zone.
15:25 of 1st period - Snap shot by Daniel Zaar.
15:25 of 1st period - Stopped by Garret Sparks with a rebound.
15:31 of 1st period - Alexandre Carrier is hit by Mason Geertsen and loses puck.
15:40 of 1st period - Snap shot by Zemgus Girgensons.
15:40 of 1st period - Stopped by Mikko Koskinen with a rebound.
15:58 of 1st period - Brett Lernout is hit by Zachary Sanford and loses puck.
16:17 of 1st period - Wrist shot by Brendan Perlini.
16:17 of 1st period - Shot Blocked by Brett Lernout.
16:23 of 1st period - Slapshot by Brendan Perlini.
16:23 of 1st period - Stopped by Mikko Koskinen with a rebound.
16:50 of 1st period - Joonas Lyytinen is hit by Michael Rasmussen and loses puck.
17:49 of 1st period - Minor Penalty to Michael McCarron for Delaying the game.
17:50 of 1st period - Zemgus Girgensons wins face-off versus Mathew Barzal in Senators zone.
18:04 of 1st period - Snap shot by Zemgus Girgensons.
18:04 of 1st period - Shot Misses the Net.
18:24 of 1st period - Snap shot by Adam Erne.
18:24 of 1st period - Stopped by Garret Sparks with a rebound.
19:49 of 1st period - Penalty to Michael McCarron is over, Michael McCarron is back on ice.
19:58 of 1st period - Jordan Schmaltz is hit by Emil Djuse and loses puck.
Goals for this period are 0 for Senators vs 0 for Condors.
Shots for this period are 12 for Senators vs 10 for Condors.

2nd period


0:01 of 2nd period - Christoph Bertschy wins face-off versus Adam Erne in neutral zone.
0:05 of 2nd period - Off-side.
0:06 of 2nd period - Mathew Barzal wins face-off versus Christoph Bertschy in neutral zone.
0:35 of 2nd period - Wrist shot by Taro Hirose.
0:35 of 2nd period - Stopped by Garret Sparks with a rebound.
0:37 of 2nd period - Slapshot by Brett Lernout.
0:37 of 2nd period - Stopped by Garret Sparks with a rebound.
0:39 of 2nd period - Slapshot by Alexandre Carrier.
0:39 of 2nd period - Deflect By Jordan Schmaltz.
0:39 of 2nd period - Stopped by Garret Sparks with a rebound.
0:41 of 2nd period - Slapshot by Alexandre Carrier.
0:41 of 2nd period - Stopped by Garret Sparks with a rebound.
0:43 of 2nd period - Snap shot by Taro Hirose.
0:43 of 2nd period - Stopped by Garret Sparks without a rebound.
0:44 of 2nd period - Mathew Barzal wins face-off versus Christoph Bertschy in Senators zone.
0:53 of 2nd period - Snap shot by Christoph Bertschy.
0:53 of 2nd period - Deflect By Tyler Pitlick.
0:53 of 2nd period - Stopped by Mikko Koskinen with a rebound.
1:16 of 2nd period - Phil McRae is hit by Oliver Bjorkstrand and loses puck.
1:21 of 2nd period - Wrist shot by Oliver Bjorkstrand.
1:21 of 2nd period - Stopped by Mikko Koskinen without a rebound.
1:22 of 2nd period - Jacob De La Rose wins face-off versus Mark Jankowski in Condors zone.
1:35 of 2nd period - Snap shot by Mark Jankowski.
1:35 of 2nd period - Shot Misses the Net.
1:37 of 2nd period - Snap shot by Christian Thomas.
1:37 of 2nd period - Shot Misses the Net.
1:47 of 2nd period - Daniel Zaar is hit by Dmitry Sinitsyn and loses puck.
2:28 of 2nd period - Alexandre Carrier is hit by Grant Besse and loses puck.
2:43 of 2nd period - Wrist shot by C.J. Smith.
2:43 of 2nd period - Stopped by Garret Sparks without a rebound.
2:44 of 2nd period - Christoph Bertschy wins face-off versus Michael Rasmussen in Senators zone.
2:49 of 2nd period - Snap shot by Zemgus Girgensons.
2:49 of 2nd period - Shot Misses the Net.
2:51 of 2nd period - Snap shot by Tyler Pitlick.
2:51 of 2nd period - Shot Misses the Net.
2:53 of 2nd period - Snap shot by Christoph Bertschy.
2:53 of 2nd period - Stopped by Mikko Koskinen without a rebound.
2:54 of 2nd period - Christoph Bertschy wins face-off versus Daniel Zaar in Condors zone.
2:57 of 2nd period - Wrist shot by Christoph Bertschy.
2:57 of 2nd period - Shot Blocked by Gustav Olofsson.
4:05 of 2nd period - Wrist shot by Zemgus Girgensons.
4:05 of 2nd period - Shot Blocked by Jordan Subban.
4:07 of 2nd period - Wrist shot by Zemgus Girgensons.
4:07 of 2nd period - Shot Misses the Net.
4:09 of 2nd period - Wrist shot by Christoph Bertschy.
4:09 of 2nd period - Shot Misses the Net.
4:27 of 2nd period - Slapshot by Johan Larsson.
4:27 of 2nd period - Shot Blocked by Jordan Subban.
4:29 of 2nd period - Snap shot by Keegan Lowe.
4:29 of 2nd period - Shot Blocked by Jordan Subban.
4:31 of 2nd period - Slapshot by Nikita Nesterov.
4:31 of 2nd period - Deflect By David Kase.
4:31 of 2nd period - Goal by David Kase - Senators : 1 - Condors : 0.
4:32 of 2nd period - Mark Jankowski wins face-off versus Christoph Bertschy in neutral zone.
4:35 of 2nd period - Backhand shot by Jake Virtanen.
4:35 of 2nd period - Shot Misses the Net.
4:37 of 2nd period - Wrist shot by Jake Virtanen.
4:37 of 2nd period - Deflect By Christian Thomas.
4:37 of 2nd period - Shot Blocked by Jordan Schmaltz.
4:37 of 2nd period - Puck is out of play.
4:38 of 2nd period - Mark Jankowski wins face-off versus Christoph Bertschy in Senators zone.
4:43 of 2nd period - Wrist shot by Alexandre Carrier.
4:43 of 2nd period - Shot Misses the Net.
4:45 of 2nd period - Slapshot by Alexandre Carrier.
4:45 of 2nd period - Shot Misses the Net.
4:47 of 2nd period - Slapshot by Christian Thomas.
4:47 of 2nd period - Deflect By Zemgus Girgensons.
4:47 of 2nd period - Shot Misses the Net.
4:47 of 2nd period - Puck is out of play.
4:48 of 2nd period - Mathew Barzal wins face-off versus Christoph Bertschy in Senators zone.
4:51 of 2nd period - Snap shot by Daniel Zaar.
4:51 of 2nd period - Goal by Daniel Zaar - Senators : 1 - Condors : 1.
4:52 of 2nd period - Mathew Barzal wins face-off versus Christoph Bertschy in neutral zone.
4:55 of 2nd period - Dmitry Sinitsyn is hit by Adam Erne and loses puck.
5:27 of 2nd period - Wrist shot by Alexandre Carrier.
5:27 of 2nd period - Stopped by Garret Sparks with a rebound.
5:29 of 2nd period - Wrist shot by Jake Virtanen.
5:29 of 2nd period - Shot Misses the Net.
5:47 of 2nd period - Slapshot by Brendan Perlini.
5:47 of 2nd period - Stopped by Mikko Koskinen with a rebound.
5:49 of 2nd period - Slapshot by Mason Geertsen.
5:49 of 2nd period - Shot Blocked by Gustav Olofsson.
6:24 of 2nd period - Snap shot by Johan Larsson.
6:24 of 2nd period - Stopped by Mikko Koskinen with a rebound.
6:52 of 2nd period - Wrist shot by Zachary Sanford.
6:52 of 2nd period - Deflect By Oliver Bjorkstrand.
6:52 of 2nd period - Shot Blocked by Emil Djuse.
6:52 of 2nd period - Puck is out of play.
6:53 of 2nd period - Christoph Bertschy wins face-off versus Mathew Barzal in Condors zone.
6:56 of 2nd period - Wrist shot by Zemgus Girgensons.
6:56 of 2nd period - Shot Misses the Net.
7:04 of 2nd period - Tyler Pitlick is hit by Daniel Zaar and loses puck.
8:27 of 2nd period - Emil Djuse is hit by Tyler Pitlick and loses puck.
9:23 of 2nd period - Tyler Pitlick is hit by Adam Erne and loses puck.
9:33 of 2nd period - Off-side.
9:34 of 2nd period - Jacob De La Rose wins face-off versus Mark Jankowski in neutral zone.
9:41 of 2nd period - Backhand shot by Alexandre Carrier.
9:41 of 2nd period - Stopped by Garret Sparks with a rebound.
10:26 of 2nd period - Slapshot by Brendan Perlini.
10:26 of 2nd period - Shot Misses the Net.
12:07 of 2nd period - Wrist shot by Christoph Bertschy.
12:07 of 2nd period - Deflect By Zemgus Girgensons.
12:07 of 2nd period - Stopped by Mikko Koskinen without a rebound.
12:08 of 2nd period - Mathew Barzal wins face-off versus Jacob De La Rose in Condors zone.
12:25 of 2nd period - Snap shot by Oliver Bjorkstrand.
12:25 of 2nd period - Stopped by Mikko Koskinen with a rebound.
13:23 of 2nd period - Minor Penalty to Dmitry Sinitsyn for Tripping.
13:24 of 2nd period - Mathew Barzal wins face-off versus Zemgus Girgensons in Senators zone.
13:52 of 2nd period - Snap shot by Jake Virtanen.
13:52 of 2nd period - Stopped by Garret Sparks with a rebound.
14:36 of 2nd period - Wrist shot by Kevin Rooney.
14:36 of 2nd period - Shot Blocked by Jake Virtanen.
15:12 of 2nd period - Philippe Myers is hit by Zachary Sanford and loses puck.
15:23 of 2nd period - Penalty to Dmitry Sinitsyn is over, Dmitry Sinitsyn is back on ice.
16:18 of 2nd period - Minor Penalty to Kevin Rooney for Roughing.
16:19 of 2nd period - Mark Jankowski wins face-off versus Zemgus Girgensons in Senators zone.
16:31 of 2nd period - Snap shot by Mark Jankowski.
16:31 of 2nd period - Shot Blocked by Dmitry Sinitsyn.
16:33 of 2nd period - Snap shot by Adam Erne.
16:33 of 2nd period - Shot Misses the Net.
18:12 of 2nd period - Jake Virtanen is hit by Keegan Lowe and loses puck.
18:18 of 2nd period - Penalty to Kevin Rooney is over, Kevin Rooney is back on ice.
18:33 of 2nd period - Wrist shot by Phil McRae.
18:33 of 2nd period - Shot Misses the Net.
19:05 of 2nd period - Snap shot by Johan Larsson.
19:05 of 2nd period - Stopped by Mikko Koskinen with a rebound.
19:17 of 2nd period - Christian Thomas is hit by Michael McCarron.
Goals for this period are 1 for Senators vs 1 for Condors.
Shots for this period are 9 for Senators vs 10 for Condors.

3rd period


0:01 of 3rd period - Christoph Bertschy wins face-off versus Mathew Barzal in neutral zone.
0:08 of 3rd period - Snap shot by Tyler Pitlick.
0:08 of 3rd period - Stopped by Mikko Koskinen with a rebound.
0:36 of 3rd period - Slapshot by Keegan Lowe.
0:36 of 3rd period - Deflect By Alexandre Carrier.
0:36 of 3rd period - Stopped by Mikko Koskinen with a rebound.
0:38 of 3rd period - Wrist shot by Jacob De La Rose.
0:38 of 3rd period - Shot Misses the Net.
0:54 of 3rd period - Slapshot by Taro Hirose.
0:54 of 3rd period - Stopped by Garret Sparks with a rebound.
1:27 of 3rd period - Snap shot by Kailer Yamamoto.
1:27 of 3rd period - Stopped by Garret Sparks with a rebound.
1:45 of 3rd period - Snap shot by Tyler Pitlick.
1:45 of 3rd period - Stopped by Mikko Koskinen without a rebound.
1:46 of 3rd period - Adam Erne wins face-off versus Christoph Bertschy in Condors zone.
2:06 of 3rd period - Wrist shot by Zemgus Girgensons.
2:06 of 3rd period - Stopped by Mikko Koskinen with a rebound.
2:49 of 3rd period - Wrist shot by Daniel Zaar.
2:49 of 3rd period - Shot Misses the Net.
3:00 of 3rd period - Tyler Pitlick is hit by Mathew Barzal and loses puck.
3:09 of 3rd period - Wrist shot by Christoph Bertschy.
3:09 of 3rd period - Stopped by Mikko Koskinen with a rebound.
3:19 of 3rd period - Christoph Bertschy is hit by Daniel Zaar and loses puck.
3:49 of 3rd period - Snap shot by Tyler Pitlick.
3:49 of 3rd period - Shot Misses the Net.
3:51 of 3rd period - Slapshot by Joonas Lyytinen.
3:51 of 3rd period - Shot Blocked by Gustav Olofsson.
3:53 of 3rd period - Snap shot by Zemgus Girgensons.
3:53 of 3rd period - Shot Misses the Net.
3:55 of 3rd period - Snap shot by Christoph Bertschy.
3:55 of 3rd period - Goal by Christoph Bertschy - Senators : 2 - Condors : 1.
3:56 of 3rd period - Jacob De La Rose wins face-off versus Mark Jankowski in neutral zone.
4:03 of 3rd period - Wrist shot by Zachary Sanford.
4:03 of 3rd period - Shot Blocked by Brett Lernout.
4:13 of 3rd period - Snap shot by Zachary Sanford.
4:13 of 3rd period - Shot Blocked by Mark Jankowski.
4:27 of 3rd period - Wrist shot by Taro Hirose.
4:27 of 3rd period - Stopped by Garret Sparks with a rebound.
4:29 of 3rd period - Slapshot by Phil McRae.
4:29 of 3rd period - Deflect By Jesse Puljujarvi.
4:29 of 3rd period - Shot Blocked by Grant Besse.
4:29 of 3rd period - Puck is out of play.
4:30 of 3rd period - Kevin Rooney wins face-off versus Phil McRae in Senators zone.
4:41 of 3rd period - Wrist shot by Brendan Perlini.
4:41 of 3rd period - Deflect By Kevin Rooney.
4:41 of 3rd period - Stopped by Mikko Koskinen without a rebound.
4:42 of 3rd period - Mark Jankowski wins face-off versus Jacob De La Rose in Condors zone.
4:49 of 3rd period - Slapshot by Alexandre Carrier.
4:49 of 3rd period - Stopped by Garret Sparks without a rebound.
4:50 of 3rd period - Jacob De La Rose wins face-off versus Mark Jankowski in Senators zone.
4:50 of 3rd period - Jacob De La Rose is hit by Brett Lernout.
4:55 of 3rd period - Off-side.
4:56 of 3rd period - Mark Jankowski wins face-off versus Jacob De La Rose in neutral zone.
5:32 of 3rd period - Snap shot by Taro Hirose.
5:32 of 3rd period - Shot Misses the Net.
5:34 of 3rd period - Wrist shot by Phil McRae.
5:34 of 3rd period - Shot Misses the Net.
5:54 of 3rd period - Off-side.
5:55 of 3rd period - Jacob De La Rose wins face-off versus Mathew Barzal in neutral zone.
6:08 of 3rd period - Slapshot by Daniel Zaar.
6:08 of 3rd period - Stopped by Garret Sparks with a rebound.
6:10 of 3rd period - Wrist shot by Gustav Olofsson.
6:10 of 3rd period - Stopped by Garret Sparks with a rebound.
6:43 of 3rd period - Snap shot by Brendan Perlini.
6:43 of 3rd period - Shot Misses the Net.
8:28 of 3rd period - Gustav Olofsson is hit by Oliver Bjorkstrand and loses puck.
8:40 of 3rd period - Joonas Lyytinen is hit by Mathew Barzal and loses puck.
8:57 of 3rd period - Mason Geertsen is hit by Michael Rasmussen and loses puck.
9:14 of 3rd period - Brendan Perlini is hit by Mark Jankowski and loses puck.
9:21 of 3rd period - Grant Besse is hit by Jordan Subban and loses puck.
9:59 of 3rd period - Zachary Sanford is hit by Mathew Barzal.
10:03 of 3rd period - Oliver Bjorkstrand is hit by Daniel Zaar and loses puck.
10:22 of 3rd period - Dmitry Sinitsyn is hit by C.J. Smith and loses puck.
10:46 of 3rd period - Brendan Perlini is hit by Jake Virtanen and loses puck.
11:05 of 3rd period - Minor Penalty to Jesse Puljujarvi for High sticking.
11:06 of 3rd period - Christoph Bertschy wins face-off versus Mark Jankowski in Condors zone.
11:12 of 3rd period - Wrist shot by Christoph Bertschy.
11:12 of 3rd period - Stopped by Mikko Koskinen with a rebound.
11:14 of 3rd period - Slapshot by Nikita Nesterov.
11:14 of 3rd period - Stopped by Mikko Koskinen without a rebound.
11:15 of 3rd period - Christoph Bertschy wins face-off versus Mark Jankowski in Condors zone.
11:16 of 3rd period - Snap shot by Zemgus Girgensons.
11:16 of 3rd period - Stopped by Mikko Koskinen without a rebound.
11:17 of 3rd period - Christoph Bertschy wins face-off versus Mark Jankowski in Condors zone.
13:05 of 3rd period - Penalty to Jesse Puljujarvi is over, Jesse Puljujarvi is back on ice.
13:44 of 3rd period - Off-side.
13:45 of 3rd period - Phil McRae wins face-off versus Michael McCarron in neutral zone.
13:53 of 3rd period - Slapshot by Johan Larsson.
13:53 of 3rd period - Stopped by Mikko Koskinen with a rebound.
14:11 of 3rd period - Backhand shot by C.J. Smith.
14:11 of 3rd period - Shot Misses the Net.
14:13 of 3rd period - Snap shot by C.J. Smith.
14:13 of 3rd period - Stopped by Garret Sparks with a rebound.
14:15 of 3rd period - Snap shot by Jordan Subban.
14:15 of 3rd period - Shot Blocked by Jacob De La Rose.
14:43 of 3rd period - Brendan Perlini is hit by Alexandre Carrier and loses puck.
15:10 of 3rd period - Jake Virtanen is hit by Michael McCarron and loses puck.
15:26 of 3rd period - Gustav Olofsson is hit by Jordan Schmaltz and loses puck.
16:05 of 3rd period - Wrist shot by Brendan Perlini.
16:05 of 3rd period - Stopped by Mikko Koskinen with a rebound.
16:27 of 3rd period - Christian Thomas is hit by Oliver Bjorkstrand and loses puck.
16:34 of 3rd period - Snap shot by Oliver Bjorkstrand.
16:34 of 3rd period - Deflect By Zachary Sanford.
16:34 of 3rd period - Stopped by Mikko Koskinen with a rebound.
16:36 of 3rd period - Slapshot by Joonas Lyytinen.
16:36 of 3rd period - Deflect By Alexandre Carrier.
16:36 of 3rd period - Stopped by Mikko Koskinen with a rebound.
16:46 of 3rd period - Keegan Lowe is hit by Mathew Barzal and loses puck.
16:55 of 3rd period - Snap shot by Daniel Zaar.
16:55 of 3rd period - Shot Blocked by Nikita Nesterov.
16:57 of 3rd period - Wrist shot by Mathew Barzal.
16:57 of 3rd period - Stopped by Garret Sparks with a rebound.
17:29 of 3rd period - Snap shot by Johan Larsson.
17:29 of 3rd period - Shot Misses the Net.
17:37 of 3rd period - Wrist shot by C.J. Smith.
17:37 of 3rd period - Stopped by Garret Sparks without a rebound.
17:38 of 3rd period - Kevin Rooney wins face-off versus Phil McRae in Senators zone.
17:38 of 3rd period - Kevin Rooney is hit by Phil McRae.
17:50 of 3rd period - Brett Lernout is hit by Kevin Rooney and loses puck.
18:37 of 3rd period - Jordan Subban is hit by Zachary Sanford and loses puck.
18:52 of 3rd period - Adam Erne is hit by Christoph Bertschy and loses puck.
19:12 of 3rd period - Condors, Mikko Koskinen is pulled from the net.
19:18 of 3rd period - Wrist shot by Adam Erne.
19:18 of 3rd period - Shot Misses the Net.
19:20 of 3rd period - Wrist shot by Daniel Zaar.
19:20 of 3rd period - Goal by Daniel Zaar - Senators : 2 - Condors : 2.
19:20 of 3rd period - Mikko Koskinen from Condors was sent back in the game.
19:21 of 3rd period - Phil McRae wins face-off versus Christoph Bertschy in neutral zone.
19:40 of 3rd period - Minor Penalty to Philippe Myers for Hooking.
19:41 of 3rd period - Jacob De La Rose wins face-off versus Mark Jankowski in Condors zone.
Goals for this period are 1 for Senators vs 1 for Condors.
Shots for this period are 14 for Senators vs 10 for Condors.

Overtime #1


0:01 of 1st overtime period - Mark Jankowski wins face-off versus Zemgus Girgensons in neutral zone.
0:04 of 1st overtime period - Tyler Pitlick is hit by Mark Jankowski and loses puck.
0:15 of 1st overtime period - Slapshot by Mark Jankowski.
0:15 of 1st overtime period - Shot Blocked by Dmitry Sinitsyn.
1:40 of 1st overtime period - Penalty to Philippe Myers is over, Philippe Myers is back on ice.
1:53 of 1st overtime period - Jordan Schmaltz is hit by Christian Thomas.
1:54 of 1st overtime period - Icing by Jordan Schmaltz.
1:55 of 1st overtime period - Mark Jankowski wins face-off versus Tyler Pitlick in Senators zone.
1:58 of 1st overtime period - Wrist shot by Christian Thomas.
1:58 of 1st overtime period - Stopped by Garret Sparks without a rebound.
1:59 of 1st overtime period - Zemgus Girgensons wins face-off versus Mark Jankowski in Senators zone.
2:22 of 1st overtime period - Christian Thomas is hit by Oliver Bjorkstrand and loses puck.
3:06 of 1st overtime period - Dmitry Sinitsyn is hit by Mathew Barzal and loses puck.
3:27 of 1st overtime period - Gustav Olofsson is hit by Oliver Bjorkstrand and loses puck.
3:38 of 1st overtime period - Snap shot by Zachary Sanford.
3:38 of 1st overtime period - Deflect By Oliver Bjorkstrand.
3:38 of 1st overtime period - Shot Blocked by Gustav Olofsson.
3:38 of 1st overtime period - Puck is out of play.
3:39 of 1st overtime period - Mark Jankowski wins face-off versus Tyler Pitlick in Condors zone.
3:44 of 1st overtime period - Nikita Nesterov is hit by Mark Jankowski and loses puck.
4:06 of 1st overtime period - Wrist shot by Oliver Bjorkstrand.
4:06 of 1st overtime period - Stopped by Mikko Koskinen without a rebound.
4:07 of 1st overtime period - Zemgus Girgensons wins face-off versus Adam Erne in Condors zone.
4:49 of 1st overtime period - Backhand shot by Philippe Myers.
4:49 of 1st overtime period - Deflect By Oliver Bjorkstrand.
4:49 of 1st overtime period - Stopped by Garret Sparks with a rebound.
Goals for this period are 0 for Senators vs 0 for Condors.
Shots for this period are 1 for Senators vs 2 for Condors.

ShootOut


5:00 of 1st overtime period - Round #1.
5:00 of 1st overtime period - Senators, Zemgus Girgensons.
5:00 of 1st overtime period - Wrist shot by Zemgus Girgensons.
5:00 of 1st overtime period - Shot Misses the Net.
5:00 of 1st overtime period - Condors, Daniel Zaar.
5:00 of 1st overtime period - Wrist shot by Daniel Zaar.
5:00 of 1st overtime period - Goal by Daniel Zaar.
5:00 of 1st overtime period - Round #2.
5:00 of 1st overtime period - Senators, Tyler Pitlick.
5:00 of 1st overtime period - Wrist shot by Tyler Pitlick.
5:00 of 1st overtime period - Goal by Tyler Pitlick.
5:00 of 1st overtime period - Condors, Jake Virtanen.
5:00 of 1st overtime period - Snap shot by Jake Virtanen.
5:00 of 1st overtime period - Shot Misses the Net.
5:00 of 1st overtime period - Round #3.
5:00 of 1st overtime period - Senators, Zachary Sanford.
5:00 of 1st overtime period - Deke by Zachary Sanford.
5:00 of 1st overtime period - Stopped by Mikko Koskinen.
5:00 of 1st overtime period - Condors, Jesse Puljujarvi.
5:00 of 1st overtime period - Wrist shot by Jesse Puljujarvi.
5:00 of 1st overtime period - Stopped by Garret Sparks.
5:00 of 1st overtime period - Round #4.
5:00 of 1st overtime period - Senators, Oliver Bjorkstrand.
5:00 of 1st overtime period - Backhand shot by Oliver Bjorkstrand.
5:00 of 1st overtime period - Goal by Oliver Bjorkstrand.
5:00 of 1st overtime period - Condors, Mark Jankowski.
5:00 of 1st overtime period - Wrist shot by Mark Jankowski.
5:00 of 1st overtime period - Goal by Mark Jankowski.
5:00 of 1st overtime period - Round #5.
5:00 of 1st overtime period - Senators, Christoph Bertschy.
5:00 of 1st overtime period - Snap shot by Christoph Bertschy.
5:00 of 1st overtime period - Stopped by Mikko Koskinen.
5:00 of 1st overtime period - Condors, Adam Erne.
5:00 of 1st overtime period - Deke by Adam Erne.
5:00 of 1st overtime period - Goal by Adam Erne.